Match 42511686
Unlisted

Match 42511686
End
Kradschützen Motorcycle Team
Panzerpioneer Squad
Panzergrenadier Squad
Panzergrenadier Squad
Construct Light Support Kompanie
Fire Support Elements
2.5-tonne Medical Truck
Assault Mechanized Group
Pak 38 Anti-tank Gun Team
Veteran Squad Leaders
Selects Armored Support Battlegroup
Selects Salvage Kits
Selects Salvage Kits
Construct Panzerarmee Kommand
Panzer III L Medium Tank
Selects Panzer Storm
Emergency Repair Kits
Armored Reserves
Vehicle Survival Package
Selects Stuka Dive Bomb
desertBeliever
JaxMesa
0
0

Comments sign in to comment!

No comments posted yet!